 Dungeon Crawl Stone Soup version 0.29-a0-317-gd16b76e6b1 (webtiles) character file.

Game seed: 5248128426797360470

566 Morbidden the Ruffian (level 7, -3/62 HPs)
             Began as a Troll Earth Elementalist on Apr 1, 2022.
             Slain by an orc warrior
             ... wielding a +0 dire flail
              (9 damage)
             ... on level 4 of the Dungeon.
             The game lasted 00:03:13 (2304 turns).

Morbidden the Ruffian (Troll Earth Elementalist)    Turns: 2304, Time: 00:03:14

Health: -3/62      AC:  7    Str: 17    XL:     7   Next: 10%
Magic:  8/8        EV: 14    Int: 13    God:
Gold:   110        SH:  0    Dex: 10    Spells: 5/9 levels left

rFire   . . .      SeeInvis .     - Unarmed
rCold   . . .      Faith    .   (no shield)
rNeg    . . .      Spirit   .   t - +0 troll leather armour {Pargi}
rPois   .          Reflect  .   g - +1 hat
rElec   .          Harm     .   (no cloak)
rCorr   +          Rampage  .   (gloves unavailable)
Will    .....                   (boots unavailable)
Stlth   +.........              (no amulet)
HPRegen 1.80/turn               f - +4 ring of evasion
MPRegen 0.11/turn               h - ring of resist corrosion

@: no status effects
A: large, unfitting armour, claws 3, regeneration 1, shaggy fur 1, tough skin 1
a: no special abilities


You were on level 4 of the Dungeon.
You visited 1 branch of the dungeon, and saw 4 of its levels.
You also visited: Sewer.

You collected 159 gold pieces.
You spent 49 gold pieces at shops.

Inventory:

Missiles
 a - 114 stones
Armour
 g - a +1 hat (worn)
 t - a +0 troll leather armour (worn) {Pargi}
Jewellery
 f - a +4 ring of evasion (left claw)
 h - a ring of resist corrosion (right claw)
Scrolls
 b - a scroll of vulnerability {unknown}
 d - 2 scrolls of teleportation {unknown}
 e - a scroll of brand weapon
 i - 2 scrolls of identify {unknown}
 j - 3 scrolls of fear
 k - a scroll of summoning
 n - a scroll of immolation {unknown}
 r - 2 scrolls of blinking {unknown}
 u - 2 scrolls of magic mapping
 v - a scroll of amnesia {unknown}
Potions
 c - a potion of magic
 l - a potion of berserk rage {unknown}
 m - 2 potions of brilliance {unknown}
 o - a potion of degeneration {unknown}
 p - a potion of attraction {unknown}
 q - 2 potions of curing {unknown}
 s - a potion of heal wounds {unknown}


   Skills:
 * Level 1.5 Fighting
 + Level 0.4 Armour
 * Level 2.8 Dodging
 + Level 1.3 Stealth
 * Level 4.4 Unarmed Combat
 * Level 1.9 Spellcasting
 * Level 1.8 Transmutations
 * Level 3.5 Earth Magic


You had 5 spell levels left.
You knew the following spells:

 Your Spells              Type           Power      Damage    Failure   Level
a - Sandblast             Erth           20%        2d7       7%          1
b - Stone Arrow           Conj/Erth      10%        3d7       41%         3

Your spell library contained the following spells:

 Spells                   Type           Power      Damage    Failure   Level
 Passwall                 Tmut/Erth      6%         N/A       16%         2
 Petrify                  Tmut/Erth      8%         N/A       71%         4


Dungeon Overview and Level Annotations

Branches:
Dungeon (4/15)              Sewer (visited)
 Temple: D:4-7

Altars:
Trog
Vehumet
Wu Jian

Shops:
D:4 [?

Annotations:
D:4 Ijyb


Innate Abilities, Weirdness & Mutations

You are too large for most types of armour.
You have claws for hands.
Your natural rate of healing is unusually fast.
You are covered in fur. (AC +1)
You have tough skin. (AC +1)


Message History

The orc warrior attacks as you move away!
The orc warrior hits you with a +0 dire flail!
The black bear attacks as you move away!
The black bear bites you but does no damage.
The black bear claws you but does no damage.
The black bear misses you.
You barely miss the orc warrior.
You claw the orc warrior, but do no damage.
The orc barely misses you.
The orc warrior hits you with a +0 dire flail!
You barely miss the orc warrior. The orc misses you.
The orc warrior barely misses you.
You claw the orc warrior!
The orc warrior is moderately wounded.
You closely miss the orc warrior.
The orc warrior is moderately wounded.
The orc misses you.
You claw the orc warrior!
The orc warrior is heavily wounded.
The orc misses you. The orc warrior barely misses you.
You closely miss the orc warrior.
The orc warrior is heavily wounded.
The orc hits you from afar with a +0 trident.
The orc warrior hits you with a +0 dire flail!!
* * * LOW HITPOINT WARNING * * *
You closely miss the orc warrior.
The orc warrior is heavily wounded.
The orc misses you.
Unknown command.
You barely miss the orc warrior.
The orc warrior is heavily wounded.
The orc barely misses you.
The orc warrior hits you with a +0 dire flail!
* * * LOW HITPOINT WARNING * * *
You scratch the orc warrior but do no damage.
The orc warrior is heavily wounded.
The orc hits you from afar with a +0 trident.
* * * LOW HITPOINT WARNING * * *
The orc warrior hits you with a +0 dire flail!
You die...

#. #...###.#
#...######'#..##.#
#........'∩+..##.#
###...######'##.##.#
#..... #..#.##.#
#.....######'##.##.##
#.........##∩##....<#
#......_og.#'##..#.##
#.#+#._8_..#@.##.#.#
#.....oo#....#.#
#.....oh####......
#.#.....+ .....##
#.#.....# ##...#
#.#.....# ##>.#
#.#.....# #..#
#?##### #.


You could see an orc warrior, a black bear, an orc wizard and an orc.

Vanquished Creatures
  Grinder (D:3)
  Pargi (Sewer)
  A scorpion (D:4)
  An orc wizard (D:3)
  4 gnolls (D:2)
  7 adders
  An ufetubus (D:4)
  2 worms (D:3)
  4 dart slugs
  3 orcs (D:3)
  4 ball pythons
  5 bats
  7 endoplasms
  3 giant cockroaches
  6 goblins
  4 hobgoblins
  A jackal (D:1)
  2 quokkas
  4 frilled lizards
  7 kobolds
  3 rats (D:1)
71 creatures vanquished.

Notes
Turn   | Place    | Note
-------+----------+-------------------------------------------
     0 | D:1      | Morbidden the Troll Earth Elementalist began the quest for
                  | the Orb.
     0 | D:1      | Reached XP level 1. HP: 16/16 MP: 1/1
   216 | D:1      | Reached XP level 2. HP: 26/26 MP: 2/2
   385 | D:1      | Reached skill level 1 in Transmutations
   623 | D:1      | Found a faded altar of an unknown god.
   780 | D:1      | Reached XP level 3. HP: 32/32 MP: 3/3
   986 | D:2      | Reached skill level 1 in Unarmed Combat
  1227 | D:2      | Reached XP level 4. HP: 39/40 MP: 5/5
  1359 | D:2      | Reached skill level 2 in Unarmed Combat
  1409 | D:2      | Learned a level 3 spell: Stone Arrow
  1581 | D:3      | Found a glowing drain.
  1589 | D:3      | Reached XP level 5. HP: 46/46 MP: 6/6
  1596 | Sewer    | Entered a sewer
  1696 | Sewer    | Noticed Pargi
  1706 | Sewer    | Killed Pargi
  1707 | Sewer    | Reached skill level 1 in Fighting
  1707 | Sewer    | Reached skill level 3 in Unarmed Combat
  1810 | D:3      | Reached XP level 6. HP: 50/55 MP: 7/7
  2112 | D:3      | Noticed Grinder
  2119 | D:3      | Paralysed by Grinder for 5 turns
  2137 | D:3      | Killed Grinder
  2138 | D:3      | Reached skill level 4 in Unarmed Combat
  2256 | D:4      | Found Eriag's Armour Emporium.
  2264 | D:4      | Found Duddae's Magic Scroll Emporium.
  2267 | D:4      | Bought a scroll of magic mapping for 49 gold pieces
  2271 | D:4      | Found a bloodstained altar of Trog.
  2271 | D:4      | Found an ornate altar of the Wu Jian Council.
  2271 | D:4      | Found a radiant altar of Vehumet.
  2276 | D:4      | Reached XP level 7. HP: 62/62 MP: 8/8
  2286 | D:4      | Noticed Ijyb
  2304 | D:4      | Slain by an orc warrior

Illustrated notes

Levels and vault maps discovered:
D:1:      dpeg_arrival_brainrot, layout_basic, basic_ecumenical_altar
D:2:      layout_basic
D:3:      layout_basic, portal_sewer_entry_d, uniq_grinder
D:4:      layout_basic, mainiacjoe_overflow_brackets,
          chequers_temple_overflow_statue_of_worship, temple_hall_moat,
          serial_shops, shop, nicolae_shop_behind_doors, shop_fountains,
          kennysheep_mini, due_unseen_surprise, uniq_robin, uniq_duvessa,
          uniq_ijyb

Skill      XL: |  1  2  3  4  5  6 |
---------------+-------------------+-----
Earth Magic    | 3 |  3.5
Transmutations | 1 |  1.8
Unarmed Combat | 1 2 3 4 |  4.4
Dodging        | 2 |  2.8
Fighting       | 1 |  1.5
Armour         | |  0.4
Stealth        | |  1.3
Spellcasting   | |  1.9

Action                   |  1- 3 |  4- 6 |  7- 9 || total
-------------------------+-------+-------+-------++-------
Melee: Unarmed           |   131 |   115 |    13 ||   259
       Punch             |     1 |     1 |     2 ||     4
 Cast: Sandblast         |       |     3 |       ||     3
  Use: Scroll            |       |     4 |       ||     4
 Stab: Sleeping          |     2 |       |       ||     2
Armor: Robe              |    51 |    15 |       ||    66
       Troll leather arm |       |    34 |    10 ||    44
Dodge: Dodged            |    69 |    96 |    20 ||   185

Table legend: (Time is in decaauts)
 A = Elapsed time spent in this place.
 B = Non-inter-level travel time spent in this place.
 C = Inter-level travel time spent in this place.
 D = Time resting spent in this place.
 E = Time spent auto-exploring this place.
 F = Levels seen in this place.
 G = Mean time per level.
                   A        B        C        D        E       F      G
               +--------+--------+--------+--------+--------+-----+--------+
         Total |   2301 |   2280 |     21 |     21 |   1600 |   5 |  460.2 |
       Dungeon |   2120 |   2099 |     21 |     21 |   1481 |   4 |  530.0 |
         Sewer |    181 |    181 |      0 |      0 |    119 |   1 |  181.0 |
               +--------+--------+--------+--------+--------+-----+--------+

Top non-repeatable levels by time:
     D:1: 965 daAuts
     D:3: 544 daAuts
     D:2: 543 daAuts
   Sewer: 181 daAuts
     D:4: 66 daAuts
